Cogmind - Beta 11 @@@ ROGUE MODE // 2022.04.25 @ 10:18:51 Player: CreepyD Result: Destroyed by P-80 Master with Gamma Rifle Performance ------------- Evolutions (7) 3500 Regions Visited (11) 2200 Robots Destroyed (147) 735 Value Destroyed (6567) 6567 Prototype IDs (20) 400 Alien Tech Used (0) 0 Bonus (1809) 1809 TOTAL SCORE: 15211 Bonus ------- Pacifist 200 High Alert Combat Kills 1560 Follower Combat Kills 49 Cogmind --------- Core Integrity 0/1300 Matter 290/300 Energy 58/100 System Corruption 86% Temperature Cool (0) Movement Core (50) Location -3/Research Parts ------- > --- POWER (3) -------- (None) > --- PROPULSION (5) --- (None) > --- UTILITY (10) ----- Core Analyzer Improved Armor Integrity Analyzer Improved Armor Integrity Analyzer Improved Utility Shielding > --- WEAPON (3) ------- (None) > --- INVENTORY (5) ---- Light Antimatter Reactor Improved Antigrav System Improved Antigrav System Medium Matter Pod (100) Stasis Canceller Peak State ------------ > --- POWER ------------ Light Antimatter Reactor Particle Reactor Particle Reactor > --- PROPULSION ------- Centrium Wheel Centrium Wheel Centrium Wheel Centrium Wheel Centrium Wheel > --- UTILITY ---------- Experimental Power Amplifier Advanced Cooling System Medium Storage Unit Advanced Sensor Array Advanced Signal Interpreter Core Analyzer Improved Armor Integrity Analyzer Advanced ECM Suite Improved Phase Shifter Improved Focal Shield > --- WEAPON ----------- Improved Matter Neutralizer Improved Matter Neutralizer Hypervelocity Coil Gun > --- INVENTORY -------- Antimatter Reactor Centrium Wheel Medium Matter Pod Improved Armor Integrity Analyzer Stasis Canceller Improved Cloaking Device Hacking Suite Cooled Proton Cannon Matter Neutralizer Improved Matter Neutralizer [Rating: 142] Favorites ----------- Power Antimatter Reactor Engine Light Ion Engine Power Core Light Nuclear Core Reactor Antimatter Reactor Propulsion Centrium Wheel Leg Improved Titanium Leg Wheel Centrium Wheel Hover Unit Improved Hover Unit Flight Unit Cooled Nuclear Pulse Thruster Utility Core Analyzer Device Advanced Cooling System Storage Small Storage Unit Processor Core Analyzer Hackware Hacking Suite Protection Improved Utility Shielding Weapon Improved Matter Neutralizer Energy Gun Cooled Plasma Rifle Energy Cannon Improved Matter Neutralizer Ballistic Gun Enhanced Coil Gun Ballistic Cannon Hypervelocity Gauss Cannon Launcher Gamma Bomb Array Build | -11 -10 -10 -9 -8 -7 -6 -5 -5 -5 -4 -3 ------- Run | Scr Mat Min Mat Mat Fac Fac Fac Was Fac Fac Res Slots Evolved 14 | . . . 2 2 2 2 2 . . 2 2 Power 2 | . . . . . 1 . 1 . . . . Propulsion 3 | . . . . 1 . 1 . . . . 1 Utility 8 | . . . 1 1 1 1 1 . . 2 1 Weapon 1 | . . . 1 . . . . . . . . Parts Attached 163 | 6 1 . 8 7 13 18 6 5 18 11 70 Power 35 | 1 . . 2 1 3 2 1 2 2 3 18 Engine 5 | 1 . . 2 . 1 1 . . . . . Core 7 | . . . . 1 2 1 1 . 2 . . Reactor 23 | . . . . . . . . 2 . 3 18 Propulsion 38 | 2 . . 1 1 3 6 1 . 6 4 14 Treads . | . . . . . . . . . . . . Leg 24 | . . . 1 1 3 4 1 . 5 . 9 Wheel 11 | 2 . . . . . . . . . 4 5 Hover 2 | . . . . . . 2 . . . . . Flight 1 | . . . . . . . . . 1 . . Utility 48 | 1 1 . 1 2 3 5 2 3 5 3 22 Device 29 | . . . 1 1 2 3 . 2 3 2 15 Storage 2 | 1 . . . . . . . . . . 1 Processor 7 | . 1 . . 1 1 1 . . . 1 2 Hackware 2 | . . . . . . 1 . . . . 1 Protection 8 | . . . . . . . 2 1 2 . 3 Artifact . | . . . . . . . . . . . . Weapon 42 | 2 . . 4 3 4 5 2 . 5 1 16 Energy Gun 7 | 1 . . . 2 1 1 . . 1 . 1 Energy Cannon 17 | . . . 1 . . 2 1 . 1 1 11 Ballistic Gun 10 | 1 . . 3 1 1 . . . 2 . 2 Ballistic Cannon 7 | . . . . . 2 2 1 . 1 . 1 Launcher 1 | . . . . . . . . . . . 1 Special Weapon . | . . . . . . . . . . . . Impact Weapon . | . . . . . . . . . . . . Slashing Weapon . | . . . . . . . . . . . . Piercing Weapon . | . . . . . . . . . . . . Special Melee Weapon . | . . . . . . . . . . . . Unidentified Prototypes 11 | . . . 1 1 . . 1 1 3 . 4 Corrupted Parts 5 | . . . . . . . . . . . 5 System Corruption 39 | . . . . . . . . . . . 39 Parts Lost 72 | . . . 7 1 3 11 . . . . 50 Power 15 | . . . 1 . . 3 . . . . 11 Propulsion 17 | . . . 2 . 1 1 . . . . 13 Utility 22 | . . . 1 . . 3 . . . . 18 Weapon 18 | . . . 3 1 2 4 . . . . 8 Highest Loss Streak 15 | . . . 3 1 3 4 . . . . 15 To Critical Strikes . | . . . . . . . . . . . . Average Slot Usage (%) 92 | . 95 100 69 71 93 89 82 98 100 99 92 Engine 1 | . 14 14 10 . . 5 5 4 . . . Core 3 | . . . . 5 13 3 . 5 5 8 . Reactor 6 | . . . . . . . . 4 10 6 13 Leg 11 | . . . 2 14 20 22 23 23 23 . . Wheel 10 | . 28 28 11 . . . . . . 20 20 Device 18 | . . . 1 12 15 17 11 11 20 26 22 Storage 5 | . 14 14 11 9 7 6 5 5 5 5 3 Processor 12 | . 9 14 1 5 13 11 11 11 11 15 13 Protection 1 | . . . . . . . 5 10 2 . . Energy Gun 2 | . 14 14 6 9 2 2 . . 3 . . Energy Cannon 5 | . . . 5 7 . 5 9 5 . 3 7 Ballistic Gun 4 | . 14 14 18 8 7 1 . . 5 6 2 Ballistic Cannon 4 | . . . . . 10 9 6 11 5 5 1 Naked Turns . | . . . . . . . . . . . . Heaviest Build 117 | 12 12 12 15 23 42 47 47 77 84 87 117 Greatest Support 113 | 26 26 26 26 25 60 78 63 83 83 83 113 Greatest Overweight (x) 5 | . . . 4 1 1 1 . . 1 2 5 Average Overweight (x) . | . . . . . . . . . . . 1 Largest Inventory Capacity 10 | 8 8 8 8 8 8 8 8 8 8 8 10 Average Capacity 8 | 6 8 8 8 8 8 8 8 8 8 8 9 Most Carried 10 | 2 1 . 3 5 8 8 8 8 8 8 10 Average Carried 7 | . . . 1 3 7 7 7 7 7 7 7 Final Capacity 8 | 8 8 8 8 8 8 8 8 8 8 8 5 Final Carried 8 | . . . 1 4 8 8 8 8 8 8 5 Class Distribution -------------------- 24% | Generator-Mutant 21% | Scavenger-Skirmisher 14% | Scavenger-Gunner 13% | Generator-Gunner 9% | Scavenger-Mutant 8% | Mutant 3% | Gunner Dominant Class ---------------- Mutant | -10/Materials Mutant | -10/Mines Gunner | -9/Materials Scavenger-Gunner | -8/Materials Scavenger-Gunner | -7/Factory Scavenger-Gunner | -6/Factory Scavenger-Skirmisher | -5/Factory Scavenger-Skirmisher | -5/Waste Scavenger-Skirmisher | -5/Factory Generator-Mutant | -4/Factory Generator-Mutant | -3/Research Resources | -11 -10 -10 -9 -8 -7 -6 -5 -5 -5 -4 -3 ----------- Run | Scr Mat Min Mat Mat Fac Fac Fac Was Fac Fac Res Matter Collected 3808 | 163 . . 238 90 450 194 144 98 305 330 1796 Remotely 653 | . . . . 36 450 167 . . . . . Salvage Created 7101 | . . . 262 173 503 507 28 . 696 352 4580 Parts 351 | . . . 17 11 31 36 1 . 40 14 201 Haulers Intercepted 7 | . . . . 1 . . . . 1 . 5 Recyclers Shooed 6 | . . . . . . . . . . 2 4 Parts Field Recycled . | . . . . . . . . . . . . Retrieved Matter . | . . . . . . . . . . . . Parts Self-Destructed . | . . . . . . . . . . . . Prevented . | . . . . . . . . . . . . Kills | -11 -10 -10 -9 -8 -7 -6 -5 -5 -5 -4 -3 ------- Run | Scr Mat Min Mat Mat Fac Fac Fac Was Fac Fac Res Combat Hostiles Destroyed 96 | . . . 11 2 11 9 . . 9 1 53 Guns 22 | . . . 9 1 3 . . . 3 . 6 Cannons 55 | . . . 2 1 8 6 . . 6 1 31 AOE 10 | . . . . . . 3 . . . . 7 Classes Destroyed 17 | . . . 2 3 3 2 . . . 1 6 Worker 11 | . . . . . . 6 . . . 1 4 Builder 13 | . . . . . . 4 . . 1 . 8 Tunneler 1 | . . . . . . . . . . . 1 Hauler 7 | . . . . 1 . . . . 1 . 5 Recycler 5 | . . . . . 1 . . . . . 4 Mechanic 2 | . . . . . . . . . . 1 1 Watcher 12 | . . . . . 1 3 1 . 1 4 2 Swarmer 16 | . . . 7 . 2 3 . . . . 4 Saboteur 1 | . . . . . . . . . . . 1 Grunt 40 | . . . 4 . 5 5 . . 4 . 22 Brawler 2 | . . . . . . . . . . . 2 Duelist 3 | . . . . . . . . . . . 3 Protector 1 | . . . . . . . . . . . 1 Sentry 9 | . . . . 1 2 . . . 3 1 2 Specialist 2 | . . . . . . . . . . . 2 Hunter 7 | . . . . 1 1 1 . . . . 4 Programmer 15 | . . . . . 1 . . . 2 . 12 Best Kill Streak 10 | . . . 6 1 4 5 1 . 3 1 10 Combat Bots Only 8 | . . . 6 1 2 3 . . 2 1 8 Max Kills in Single Turn 5 | . . . 1 1 1 5 1 . 2 1 2 Gunslinging . | . . . . . . . . . . . . Exploded 2 | . . . . . . 2 . . . . 2 Melee . | . . . . . . . . . . . . Uniques/NPCs Destroyed . | . . . . . . . . . . . . Combat | -11 -10 -10 -9 -8 -7 -6 -5 -5 -5 -4 -3 -------- Run | Scr Mat Min Mat Mat Fac Fac Fac Was Fac Fac Res Damage Taken 10547 | . . . 993 171 672 1048 30 . 340 23 7270 Core 1857 | . . . 205 10 125 177 . . 32 . 1308 Absorbed by Shields 245 | . . . . . . . . . 100 10 135 Core Remaining (%) 87 | 100 . 100 48 98 82 79 . . 96 100 . Volleys Fired 396 | . 2 . 28 8 27 27 4 . 40 40 220 Largest 3 | . 2 . 3 3 3 3 3 . 3 3 3 Hottest 346 | . 60 . 123 138 124 188 218 . 189 172 346 Shots Fired 833 | . 4 . 68 22 71 77 6 . 86 65 434 Gun 278 | . 4 . 57 14 35 15 . . 52 20 81 Cannon 547 | . . . 11 8 36 62 6 . 34 45 345 Launcher 8 | . . . . . . . . . . . 8 Special . | . . . . . . . . . . . . Kinetic 363 | . 2 . 40 7 62 49 4 . 55 33 111 Thermal 337 | . 2 . 28 8 5 . 1 . 24 . 269 Explosive . | . . . . . . . . . . . . Electromagnetic 133 | . . . . 7 4 28 1 . 7 32 54 Robot Hit Streak 19 | . 2 . 8 12 8 5 2 . 12 6 19 Robot Miss Streak 7 | . 1 . 7 1 2 6 1 . 4 3 6 Penetration Max 1 | . . . . . 1 1 . . 1 1 1 Secondary Targets 1 | . . . 1 . . . . . . . . Max Gunslinging Chain 1 | . . . 1 . . . . . . . . Capacitor 20 | . . . . . . . . . . . 20 Shots Hit Robots 427 | . 3 . 33 19 39 29 2 . 40 34 228 Core Hits 263 | . . . 16 4 22 26 1 . 23 19 152 Critical Kills 26 | . . . . . . . . . 5 1 20 Critical Parts Destroyed 26 | . . . . . . . . . 5 4 17 Critical Strikes 57 | . . . . . 3 2 . . 10 5 37 Burn 1 | . . . . . 1 . . . . . . Meltdown 6 | . . . . . . . . . . . 6 Destroy 46 | . . . . . . . . . 10 5 31 Blast 4 | . . . . . 2 2 . . . . . Melee Attacks . | . . . . . . . . . . . . Impact . | . . . . . . . . . . . . Slashing . | . . . . . . . . . . . . Piercing . | . . . . . . . . . . . . Sneak Attacks . | . . . . . . . . . . . . Combat Hostiles . | . . . . . . . . . . . . Follow-up Attacks . | . . . . . . . . . . . . Damage Inflicted 14847 | . 23 . 464 415 958 2006 64 . 1140 1015 8762 Guns 2899 | . 23 . 339 240 412 162 . . 679 229 815 Cannons 9331 | . . . 123 125 546 863 64 . 460 651 6499 Explosions 2474 | . . . . 50 . 981 . . . 85 1358 Melee . | . . . . . . . . . . . . Ramming 143 | . . . 2 . . . . . 1 50 90 Kinetic 4319 | . 13 . 273 103 882 682 31 . 859 297 1179 Thermal 6649 | . 10 . 189 175 60 611 33 . 147 85 5339 Explosive 947 | . . . . . . 370 . . . . 577 Electromagnetic 2789 | . . . . 137 16 343 . . 133 583 1577 Impact . | . . . . . . . . . . . . Slashing . | . . . . . . . . . . . . Piercing . | . . . . . . . . . . . . Highest Corruption 85 | . . . . . 1 1 1 1 1 . 85 Average Corruption 7 | . . . . . 1 1 1 1 1 . 12 Corruption Purged . | . . . . . . . . . . . . Corruption Blocked . | . . . . . . . . . . . . Effects 87 | . . . . . 3 2 2 1 7 . 72 Message Errors 24 | . . . . . 3 1 . 1 1 . 18 Matter Fused 22 | . . . . . . . . . 4 . 18 Heat Flow Errors 14 | . . . . . . . 1 . 1 . 12 Energy Discharges 4 | . . . . . . 1 1 . . . 2 Parts Rejected 1 | . . . . . . . . . . . 1 Data Loss (minor) 7 | . . . . . . . . . . . 7 Data Loss (major) 1 | . . . . . . . . . . . 1 Misfires 5 | . . . . . . . . . 1 . 4 Misdirections 3 | . . . . . . . . . . . 3 Weapon Failures 6 | . . . . . . . . . . . 6 Overload Shots 3 | . . . . . . . . . . . 3 Effects 2 | . . . . . . . . . . . 2 Energy Bleed 1 | . . . . . . . . . . . 1 Heat Surge 1 | . . . . . . . . . . . 1 Overflow Damage 446 | . . . . . . 176 . . . 11 259 Projectiles 236 | . . . . . . 34 . . . 11 191 Explosions 210 | . . . . . . 142 . . . . 68 Melee . | . . . . . . . . . . . . Knockbacks 24 | . . . . . 1 9 . . 4 1 9 Impact . | . . . . . . . . . . . . Kinetic 23 | . . . . . 1 9 . . 4 1 8 Secondary 1 | . . . . . . . . . . . 1 Self-Inflicted Damage 528 | . . . . . . 119 . . . 24 385 Shots 19 | . . . . . . 2 . . . . 17 Rammed 7 | . . . . . . . . . . 3 4 Targets Rammed 13 | . . . 2 . . . . . 1 3 7 Kicked 6 | . . . 2 . . . . . 1 . 3 Crushed . | . . . . . . . . . . . . Highest Temperature 573 | . 20 . 295 137 254 264 198 . 171 48 573 Average Temperature 115 | . 15 . 85 60 95 87 61 . 47 22 138 Received Heat Transfer 959 | . . . 243 54 108 36 . . 44 . 474 Effects 43 | . . . 4 . 2 1 . . . . 36 Shutdowns 18 | . . . . . . . . . . . 18 Energy Bleed 8 | . . . 1 . . 1 . . . . 6 Interference 7 | . . . 3 . 2 . . . . . 2 Matter Decay 4 | . . . . . . . . . . . 4 Short Circuit 4 | . . . . . . . . . . . 4 Damage (minor) 2 | . . . . . . . . . . . 2 Siege Activations . | . . . . . . . . . . . . Robots Corrupted 3 | . . . . . . . . . . . 3 Combat Hostiles 3 | . . . . . . . . . . . 3 Parts Fried 15 | . . . . 1 . . . . . 8 6 Impact Corruptions . | . . . . . . . . . . . . Robots Melted 6 | . . . . . . . . . . . 6 Combat Hostiles 6 | . . . . . . . . . . . 6 Parts Melted 15 | . . . 1 1 . 1 . . . . 12 Heat Transferred 6602 | . 25 . 409 309 222 500 50 . 300 50 4737 Parts Sabotaged . | . . . . . . . . . . . . Parts Stolen . | . . . . . . . . . . . . Parts Stripped . | . . . . . . . . . . . . Power Chain Reactions 4 | . . . . 1 . 2 . . . 1 . Missiles Intercepted . | . . . . . . . . . . . . Alert | -11 -10 -10 -9 -8 -7 -6 -5 -5 -5 -4 -3 ------- Run | Scr Mat Min Mat Mat Fac Fac Fac Was Fac Fac Res Peak Influence 1280 | . 29 10 226 185 357 645 315 66 238 298 1280 Initial 315 | . . 10 3 86 84 149 315 66 46 92 81 Average 315 | . 10 10 118 126 189 399 226 66 119 149 558 Maximum Alert Level 4 | . . . 1 . 1 2 1 . 1 1 4 Low Security (%) 55 | 100 100 100 67 100 57 17 68 100 95 89 24 Level 1 17 | . . . 32 . 42 25 31 . 4 10 16 Level 2 14 | . . . . . . 56 . . . . 21 Level 3 10 | . . . . . . . . . . . 28 Level 4 3 | . . . . . . . . . . . 9 Level 5 . | . . . . . . . . . . . . High Security . | . . . . . . . . . . . . Max Security . | . . . . . . . . . . . . Squads Dispatched 44 | . 1 . 1 1 6 7 1 . 3 4 20 Investigation 4 | . 1 . . . 1 2 . . . . . Extermination 7 | . . . . . 1 . . . 1 1 4 Reinforcement 22 | . . . 1 1 1 5 1 . 2 2 9 Assault 5 | . . . . . . . . . . . 5 Garrison 6 | . . . . . 3 . . . . 1 2 Intercept . | . . . . . . . . . . . . Searches Triggered . | . . . . . . . . . . . . Construction Impeded 4 | . . . . . . 1 . . . . 3 Haulers Reinforced 3 | . . . . . . . . . 1 . 2 Active Scanning Responses . | . . . . . . . . . . . . Cargo Convoy Interrupts . | . . . . . . . . . . . . Stealth | -11 -10 -10 -9 -8 -7 -6 -5 -5 -5 -4 -3 --------- Run | Scr Mat Min Mat Mat Fac Fac Fac Was Fac Fac Res Distress Signals 4 | . . . . . . 1 . . 1 . 2 Communications Jammed 15 | . . . . . . . . . . 13 2 Distress Signals 15 | . . . . . . . . . . 13 2 Times Spotted 169 | . 1 . 19 6 14 18 1 . 12 10 88 Peak Tracking Total 8 | . 1 . 6 3 3 5 1 . 2 2 8 Tactical Retreats 12 | . . . . . 1 2 . . . . 9 Traps | -11 -10 -10 -9 -8 -7 -6 -5 -5 -5 -4 -3 ------- Run | Scr Mat Min Mat Mat Fac Fac Fac Was Fac Fac Res Traps Triggered 15 | . . . . . . . 2 . 3 . 10 Indirectly . | . . . . . . . . . . . . Trap Hack Attempts . | . . . . . . . . . . . . Triggered . | . . . . . . . . . . . . Disarmed . | . . . . . . . . . . . . Reprogrammed . | . . . . . . . . . . . . Reused . | . . . . . . . . . . . . Traps Extracted . | . . . . . . . . . . . . Installed . | . . . . . . . . . . . . Triggered 1 | . . . . . . . . . . . 1 Machines | -11 -10 -10 -9 -8 -7 -6 -5 -5 -5 -4 -3 ---------- Run | Scr Mat Min Mat Mat Fac Fac Fac Was Fac Fac Res Machines Disabled 30 | . . . 1 . 1 11 . . 5 . 12 Max in Single Turn 4 | . . . 1 . 1 4 . . 1 . 1 Garrison Access 3 | . . . . . . 1 1 . . . 1 Machines Sabotaged . | . . . . . . . . . . . . Garrisons Compromised . | . . . . . . . . . . . . Overloaded Fab Kills . | . . . . . . . . . . . . Hacking | -11 -10 -10 -9 -8 -7 -6 -5 -5 -5 -4 -3 --------- Run | Scr Mat Min Mat Mat Fac Fac Fac Was Fac Fac Res Machines Accessed 37 | . 1 . 1 1 5 6 3 . 9 4 7 Terminals 27 | . 1 . 1 1 3 4 2 . 7 3 5 Fabricators 1 | . . . . . . . . . . 1 . Repair Stations 2 | . . . . . 1 . . . . . 1 Recycling Units 2 | . . . . . . 1 . . . . 1 Scanalyzers 1 | . . . . . . . . . 1 . . Garrison Access 4 | . . . . . 1 1 1 . 1 . . Total Hacks 81 | . 4 . 1 3 11 12 12 . 19 10 9 Successful 31 | . 1 . . 2 4 5 6 . 7 3 3 Failed 50 | . 3 . 1 1 7 7 6 . 12 7 6 Catastrophic 8 | . . . 1 . 2 2 . . 2 . 1 Database Lockouts . | . . . . . . . . . . . . Manual 14 | . . . 1 2 1 2 3 . 2 2 1 Terminals 64 | . 4 . 1 3 7 8 11 . 17 7 6 Fabricators 3 | . . . . . . . . . . 3 . Repair Stations 4 | . . . . . 2 . . . . . 2 Recycling Units 3 | . . . . . . 2 . . . . 1 Scanalyzers 1 | . . . . . . . . . 1 . . Garrison Access 6 | . . . . . 2 2 1 . 1 . . Terminal Hacks 22 | . 1 . . 2 2 2 5 . 7 2 1 Record 1 | . . . . . . . . . 1 . . Part Schematic 1 | . . . . . . 1 . . . . . Robot Analysis 1 | . 1 . . . . . . . . . . Prototype ID Bank 4 | . . . . 1 . . 1 . 2 . . Open DSF 5 | . . . . . 1 1 . . 1 1 1 Level Access Points 1 | . . . . . . . . . . 1 . Branch Access Points 1 | . . . . 1 . . . . . . . Emergency Access Points 1 | . . . . . . . . . 1 . . Alert Level 3 | . . . . . . . 3 . . . . Unreport Threat 1 | . . . . . . . 1 . . . . Patrol Status 1 | . . . . . . . . . 1 . . Zone Layout 2 | . . . . . 1 . . . 1 . . Fabricator Hacks 1 | . . . . . . . . . . 1 . Build 1 | . . . . . . . . . . 1 . Repair Station Hacks 3 | . . . . . 2 . . . . . 1 Scan Component 2 | . . . . . 1 . . . . . 1 Repair 1 | . . . . . 1 . . . . . . Recycling Unit Hacks 3 | . . . . . . 2 . . . . 1 Retrieve Matter 1 | . . . . . . 1 . . . . . Retrieve Components 2 | . . . . . . 1 . . . . 1 Scanalyzer . | . . . . . . . . . . . . Garrison Access Hacks 2 | . . . . . . 1 1 . . . . Seal Access 2 | . . . . . . 1 1 . . . . Unauthorized Hacks . | . . . . . . . . . . . . Terminals . | . . . . . . . . . . . . Fabricators . | . . . . . . . . . . . . Repair Stations . | . . . . . . . . . . . . Recycling Units . | . . . . . . . . . . . . Scanalyzers . | . . . . . . . . . . . . Garrison Access . | . . . . . . . . . . . . Data Cores Recovered . | . . . . . . . . . . . . Used . | . . . . . . . . . . . . Hacking Detections 29 | . 1 . 1 1 4 3 2 . 8 4 5 Full Trace Events 4 | . 1 . . . 1 2 . . . . . Feedback Events 2 | . . . . . . 2 . . . . . Corruption 1 | . . . . . . 1 . . . . . Hackware Fried 1 | . . . . . . 1 . . . . . Feedback Blocked . | . . . . . . . . . . . . Robot Schematics Acquired . | . . . . . . . . . . . . Robots Built . | . . . . . . . . . . . . Authchips . | . . . . . . . . . . . . Time . | . . . . . . . . . . . . Total Robot Build Rating . | . . . . . . . . . . . . Part Schematics Acquired 1 | . . . . . . 1 . . . . . Parts Built 2 | . . . . . . . . . . 2 . Authchips . | . . . . . . . . . . . . Time 139 | . . . . . . . . . . 139 . Total Part Build Rating 18 | . . . . . . . . . . 18 . Parts Repaired 1 | . . . . . 1 . . . . . . Time 26 | . . . . . 26 . . . . . . Parts Recycled . | . . . . . . . . . . . . Recycled Matter . | . . . . . . . . . . . . Retrieved Matter 110 | . . . . . . 110 . . . . . Retrieved Components 19 | . . . . . . 10 . . . . 9 Parts Scanalyzed . | . . . . . . . . . . . . Part Schematics Acquired . | . . . . . . . . . . . . Parts Damaged . | . . . . . . . . . . . . Bothacking | -11 -10 -10 -9 -8 -7 -6 -5 -5 -5 -4 -3 ------------ Run | Scr Mat Min Mat Mat Fac Fac Fac Was Fac Fac Res Used RIF Installer . | . . . . . . . . . . . . Robots Hacked . | . . . . . . . . . . . . Non-combat . | . . . . . . . . . . . . Combat . | . . . . . . . . . . . . Robot Hacks Applied . | . . . . . . . . . . . . Relay Couplers Released 2 | . . . . . . . . . . . 2 Machine Destruction 2 | . . . . . . . . . . . 2 Fabnet Peak Effective % . | . . . . . . . . . . . . Robots Rewired 2 | . . . . . . 1 . . . . 1 Allies Hacked . | . . . . . . . . . . . . Hacks Repelled . | . . . . . . . . . . . . Allies | -11 -10 -10 -9 -8 -7 -6 -5 -5 -5 -4 -3 -------- Run | Scr Mat Min Mat Mat Fac Fac Fac Was Fac Fac Res Total Allies 2 | . . . . . . 1 . . . . 1 Largest Group 1 | . . . . . . 1 . . . . 1 Highest-Rated Group 34 | . . . . . . 34 . . . . 19 Highest-Rated Ally 34 | . . . . . . 34 . . . . 19 Total Orders . | . . . . . . . . . . . . Ally Attacks 7 | . . . . . . 7 . . . . . Total Damage 404 | . . . . . . 404 . . . . . Kills 4 | . . . . . . 4 . . . . . Allies Corrupted . | . . . . . . . . . . . . Allies Melted . | . . . . . . . . . . . . Intel | -11 -10 -10 -9 -8 -7 -6 -5 -5 -5 -4 -3 ------- Run | Scr Mat Min Mat Mat Fac Fac Fac Was Fac Fac Res Robot Analysis Total 1 | . 1 . . . . . . . . . . Derelict Logs Recovered . | . . . . . . . . . . . . Drone Launches . | . . . . . . . . . . . . Drone Recoveries . | . . . . . . . . . . . . Exploration | -11 -10 -10 -9 -8 -7 -6 -5 -5 -5 -4 -3 ------------- Run | Scr Mat Min Mat Mat Fac Fac Fac Was Fac Fac Res Turns Passed 6438 | 41 59 142 243 224 533 752 392 184 1026 579 2263 Spaces Moved 3914 | 34 56 154 116 132 285 421 288 144 659 370 1255 Core 15 | 4 . . 8 . . . . . . . 3 Treads . | . . . . . . . . . . . . Legs 2015 | . . . 24 132 285 421 288 144 659 8 54 Wheels 1884 | 30 56 154 84 . . . . . . 362 1198 Hover . | . . . . . . . . . . . . Flight . | . . . . . . . . . . . . Fastest Speed 50 | 50 90 90 90 120 120 123 120 120 122 110 50 Average Speed 118 | 85 90 90 116 132 134 132 120 120 124 110 112 Slowest Speed 250 | 90 90 90 250 190 190 200 123 122 193 193 250 Overloaded Moves . | . . . . . . . . . . . . Propulsion Burnouts . | . . . . . . . . . . . . Robots Hopped . | . . . . . . . . . . . . Cave-ins Triggered . | . . . . . . . . . . . . Exploration Rate (%) 23 | 3 17 44 19 14 12 16 11 80 19 11 37 Regions Visited 11 Branch Regions 1 Pre-discovered Areas . | . . . . . . . . . . . . Known Exits Taken 3 | . . . . . . 1 . . 1 1 . Unknown Exits Taken 6 | 1 1 1 1 1 1 . . . . . . Scrap Searched . | . . . . . . . . . . . . Spaces Dug 80 | . . . . . . 3 2 . 8 12 55 Terrain Destroyed 315 | . . . . 4 14 75 2 . 28 35 157 Melee . | . . . . . . . . . . . . Projectile 204 | . . . . . 14 15 2 . 28 24 121 AOE 110 | . . . . 4 . 60 . . . 11 35 Terrain Rammed . | . . . . . . . . . . . . Walls Destroyed . | . . . . . . . . . . . . Machines Disabled . | . . . . . . . . . . . . Actions | -11 -10 -10 -9 -8 -7 -6 -5 -5 -5 -4 -3 --------- Run | Scr Mat Min Mat Mat Fac Fac Fac Was Fac Fac Res Total 5049 | 45 60 157 172 164 378 553 330 155 797 486 1752 Wait 342 | . 1 4 7 7 31 58 21 . 44 45 124 Move 3904 | 33 55 153 115 131 284 420 288 143 658 369 1255 Hop . | . . . . . . . . . . . . Pick Up 132 | 6 1 . 9 10 16 12 4 1 14 8 51 Fast Attach 35 | . . . . . 1 4 5 5 9 2 9 Attach 80 | 6 1 . 5 7 6 9 . . 1 6 39 Detach 1 | . . . . . . . . 1 . . . Swap 48 | . . . 3 . 6 5 1 . 8 3 22 Drop 79 | . . . 3 1 7 4 7 5 22 10 20 Fire 396 | . 2 . 28 8 27 27 4 . 40 40 220 Melee . | . . . . . . . . . . . . Ram 8 | . . . . . . . . . . 3 5 Kick 6 | . . . 2 . . . . . 1 . 3 Crush . | . . . . . . . . . . . . Escape Stasis 1 | . . . . . . . . . . . 1 Rewire 17 | . . . . . . 14 . . . . 3 Trap . | . . . . . . . . . . . . Miscellaneous . | . . . . . . . . . . . . Route ------- -11/Scrapyard -10/Materials -10/Mines -9/Materials -8/Materials -7/Factory -6/Factory -5/Factory -5/Waste -5/Factory -4/Factory (discovered 4 exits: *Res x4) -3/Research History --------- Turn | Location | Event 29 | -11/Scrapyard | Discovered new exit (range 15) 42 | -11/Scrapyard | Entered Materials 85 | -10/Materials | Discovered new exit (range 9) 101 | -10/Materials | Entered Mines 114 | -10/Mines | Assembled infested the area 119 | -10/Mines | Assisted by a Guerilla fighting off Assembled 126 | -10/Mines | Met a Derelict bent on vengeance 230 | -10/Mines | Discovered new exit (range 15) 243 | -10/Mines | Entered Materials 243 | -9/Materials | Evolved 2 slots: Utility x1, Weapon x1 406 | -9/Materials | Lost 3 parts (2n1w) 467 | -9/Materials | Discovered new exit (range 13) 486 | -9/Materials | Entered another Materials area 486 | -8/Materials | Evolved 2 slots: Propulsion x1, Utility x1 507 | -8/Materials | Lost 3 parts (1p2w) 696 | -8/Materials | Discovered new exit (range 8) 710 | -8/Materials | Entered Factory 710 | -7/Factory | Evolved 2 slots: Power x1, Utility x1 786 | -7/Factory | Lost 3 parts (1n2w) 859 | -7/Factory | Build established: Scavenger-Gunner 903 | -7/Factory | Repaired Corrupted Carbon-fiber Leg 973 | -7/Factory | Garrison activated, responded to threat 1186 | -7/Factory | Discovered new exit (range 15) 1243 | -7/Factory | Entered another Factory area 1243 | -6/Factory | Evolved 2 slots: Propulsion x1, Utility x1 1651 | -6/Factory | Lost 4 parts (1p1u2w) 1731 | -6/Factory | Hacking Suite fried by hacking feedback 1891 | -6/Factory | Discovered new exit (range 13) 1903 | -6/Factory | Lost 4 parts (2p1n1w) 1916 | -6/Factory | Identified exit to Factory 1995 | -6/Factory | Entered another Factory area 1995 | -5/Factory | Evolved 2 slots: Power x1, Utility x1 2256 | -5/Factory | Build established: Scavenger-Skirmisher 2387 | -5/Factory | Sucked down chute 2387 | -5/Factory | Entered Waste 2387 | -5/Waste | The area was eerily silent 2467 | -5/Waste | Found Prototype Device 2467 | -5/Waste | Identified Exp. Transmission Jammer 2547 | -5/Waste | Discovered new exit (range 12) 2569 | -5/Waste | Identified exit to Factory 2571 | -5/Waste | Entered Factory 3586 | -5/Factory | Discovered new exit (range 7) 3594 | -5/Factory | Identified exit to Factory 3597 | -5/Factory | Entered another Factory area 3597 | -4/Factory | Evolved 2 slots: Utility x2 3801 | -4/Factory | Fabricated Lgt. Quantum Reactor? 3845 | -4/Factory | Garrison activated, responded to threat 4143 | -4/Factory | Identified exit to Research 4176 | -4/Factory | Entered Research 4176 | -3/Research | Evolved 2 slots: Propulsion x1, Utility x1 5562 | -3/Research | System corruption reached 10% 5676 | -3/Research | First assault squad dispatched 5819 | -3/Research | Lost 4 parts (1p3u) 5902 | -3/Research | Spotted B-86 Titan 6008 | -3/Research | Spotted B-86 Titan 6151 | -3/Research | System corruption reached 30% 6158 | -3/Research | Destroyed 8 combat bots 6159 | -3/Research | Found Corrupted Quantum Capacitor 6181 | -3/Research | Lost 11 parts (2p2n5u2w) 6199 | -3/Research | Found Quantum Capacitor 6270 | -3/Research | Found Gamma Bomb Array 6283 | -3/Research | Garrison activated, responded to threat 6302 | -3/Research | Core integrity fell below 50% 6344 | -3/Research | Destroyed 8 combat bots 6347 | -3/Research | Lost 11 parts (3p4n1u3w) 6399 | -3/Research | Core integrity fell below 20% 6439 | -3/Research | Destroyed by P-80 Master with Gamma Rifle Last Messages --------------- 06391_ Kicked S-43 Plague out of the way. 06393_ Flexi-carbon Leg destroyed. 06393_ Kicked W-44 Eye. 06397_ System corrupted: Heat flow error (+179). 06412_ Phase Gun destroyed. 06413_ System corrupted: Matter fused (-10). 06415_ Acquired Prototype Energy Cannon. 06416_ Identified Hvy. Neutron Cannon. 06419_ System corrupted: Hvy. Neutron Cannon failed to cycle. 06421_ Lgt. Particle Reactor destroyed. 06423_ P-80 Master destroyed. 06423_ Flexi-carbon Leg destroyed. 06425_ P-80 Master destroyed. 06427_ Hacking Suite destroyed. 06428_ System corrupted: Heat flow error (+299). 06432_ Acquired Imp. Utility Shielding. 06435_ Hvy. Neutron Cannon destroyed. 06437_ Acquired Imp. Antigrav System. 06438_ Dropped Corrupted Flexi-carbon Leg. 06439_ Acquired Imp. Antigrav System. Map ----- +----------------------------------------------------+ | ??????????????????# ?????????# # #??? | | ??????????????????# ????????# [[! # #??? | | ??????????????????# ???????# !% # #??? | | ??????????????????# #############/### #??? | | ??????????????????# %% %% #??? | | ??????????????????# % [! [ #??? | | ??????????????????# [=!= [[%= #??? | | ??????????????????# !%[* [ #??? | | ??????????????????########## #######/### #??? | | ???????????????????????????# #???? # #??? | | ???????????????????????????# #??? # #??? | | ???????????????????????????# #?? """ ######??? | | ???????????????????????????# #? """ #???????? | | ???????????????????????????# ## """ #???????? | | ???????????????????????????# ## """ #???????? | | ???????????????????????????# ## ???? #???????? | | ???????????????????????????#%#??????? #???????? | | ??????????????????# ######%#??????? #???????? | | ??????????????????+ % #???????###???????? | | ??????????????????# ###### #?????????????????? | | ???????????????????????????# #?????????????????? | | ???????????????????????????# #?????????????????? | | ???????????????????????????# #?????????????????? | | ???????????????????????????# #?????????????????? | | ????????????????????######## #?????????????????? | | ????????????????????# |@%# ###+##########????? | | ????????????????????# =!=# #???? | | ????????????????????# ! !!%+ #???? | | ????????????????????# ! !s#^ #???? | | ????????????????????# p; #???? | | ????????????????????# ; #???? | | ????????????????????######## ###### #???? | | ??????????????????????????? #??????? #???? | | ?????????????????????????? #?????????#???? | | ?????????????????????????? #?????????????? | | ????????????????????????? #?????????????? | | ???????????????????????? #?????????????? | | ???????????????????????? #?????????????? | | ??????????????????????? ?????????????? | | ??????????????????????? ?????????????? | | ??????????????????????? ????????????? | | ?????????????????????????? ?????????????? | | ????????????????????????????####+??????????????? | | ???????????????????????????????????????????????? | | ???????????????????????????????????????????????? | | ???????????????????????????????????????????????? | | ???????????????????????????????????????????????? | | ???????????????????????????????????????????????? | | ???????????????????????????????????????????????? | | ???????????????????????????????????????????????? | +----------------------------------------------------+ Best States ------------- Heat Dissipation 96 Coolant Potential 80 Energy Generation 77 Energy Capacity 815 Matter Stores 300 Matter Capacity 300 Sight Range 16 Robot Scan Range 16 Terrain Scan Density 10 ECM Strength 2 Jamming Range 12 Cloak Strength 3 Power Amplification 40 Armor Coverage 600 Resistance: KI 25 Resistance: TH 25 Utility Shielding 66 Phase Shifting 10 Evasion (%) 55 Targeting Accuracy 8 Core Analysis 6 Armor Integrity Analysis 40 Kinecelleration 30 Offensive Hacking 10 Item Schematics ----------------- Adv. Target Analyzer | -6/Factory | Hacked Robot Schematics ------------------ None Fabricated ------------ Lgt. Quantum Reactor | x2 | -4/Factory | Preloaded Alien Tech Used ----------------- None Achievements -------------- None Challenges ------------ None Game ------ Seed BeamBiomechanicalCharge Manual? 0 Play Time 02:49:37 Cumulative 110.1 hours Start 2022.03.19 @ 09:50:57 End 2022.04.25 @ 10:18:51 Sessions 13 Manual Loads 0 Difficulty Rogue Special Mode None Game No. 100 Rogue 99 Adventurer 1 Explorer 0 Win Type - Total 1 Types 1/0/0/0/0/0/0/0/0 Lore% 40 Gallery% 57 Achievement% 43 Wizard Run 0 Options --------- ASCII 0 Keyboard 0 Movement Numpad Keybinds 0 Fullscreen 2 Font 24/Smallcaps Map View 76x50 Tactical HUD 1 Map Filters NONE Filters NONE Steam 1 RUN: 29349a1d-1c8b-4422-887a-00ea7d8ba253